 Dungeon Crawl Stone Soup version 0.21-a0-531-gacddea6 (webtiles) character file.

67 AverageBear the Cutter (level 4, -5/27 HPs)
             Began as a Deep Elf Fighter on Dec 13, 2017.
             Shot with an arrow by a centaur (12 damage)
             ... on level 2 of the Dungeon.
             The game lasted 00:01:14 (1702 turns).

AverageBear the Cutter (Deep Elf Fighter)           Turns: 1702, Time: 00:01:14

Health: -5/27      AC:  7    Str: 14    XL:     4   Next: 0%
Magic:  6/6        EV:  6    Int: 13    God:
Gold:   67         SH:  8    Dex: 14    Spells: 3/3 levels left

rFire    . . .     SeeInvis .   a - +0 rapier
rCold    . . .     Gourm    .   c - +0 shield
rNeg     . . .     Faith    .   b - +0 scale mail
rPois    .         Spirit   .   (no helmet)
rElec    .         Reflect  .   e - +0 cloak
rCorr    .         Harm     .   (no gloves)
MR       .....                  (no boots)
Stlth    ..........             (no amulet)
HPRegen  0.09/turn              (no ring)
MPRegen  0.10/turn              (no ring)

@: no status effects
A: no striking features
a: no special abilities


You were on level 2 of the Dungeon.
You were hungry.

You visited 1 branch of the dungeon, and saw 2 of its levels.

You collected 67 gold pieces.

Inventory:

Hand Weapons
 a - a +0 rapier (weapon)
Armour
 b - a +0 scale mail (worn)
 c - a +0 shield (worn)
 e - a +0 cloak (worn)
Scrolls
 l - a scroll of amnesia
 q - a scroll of fog {unknown}
Potions
 d - a potion of might
 i - a potion of lignification
 j - a potion of invisibility {unknown}
 k - a potion of brilliance {unknown}
 m - a potion of mutation {unknown}
 n - 3 potions of berserk rage {unknown}
 o - a potion of heal wounds {unknown}
 p - a potion of cancellation {unknown}
Comestibles
 f - a bread ration
 h - 2 meat rations


   Skills:
 - Level 2.4 Fighting
 + Level 4.3 Short Blades
 - Level 2.4 Armour
 - Level 2.4 Shields


You had 3 spell levels left.
You didn't know any spells.

Dungeon Overview and Level Annotations

Branches:
Dungeon (2/15)

Altars:
The Shining One


Message History

There is an open door here.
You open the door.
There is an open door here.
A centaur comes into view.
The centaur shouts!
The centaur wields a shortbow.
The centaur shoots an arrow.
The arrow barely misses you.
You see here an arrow.
The centaur shoots an arrow.
The arrow closely misses you.
The centaur shoots an arrow.
The arrow completely misses you.
The centaur shoots an arrow.
The arrow hits you but does no damage.
You see here an arrow.
A centaur is nearby!
A centaur is nearby!
The centaur shoots an arrow.
The arrow hits you!
You see here an arrow.
The centaur shoots an arrow.
The arrow hits you!
* * * LOW HITPOINT WARNING * * *
The centaur shoots an arrow.
The arrow hits you!
You die...

..........# ############
..........# #..........#
.....[รท...#######..........#
.........>.................######
..........############..#####....
..........##....c# #.......##....
..........##.....# #.......##....
.....##...##.....# #.......##....
.....####.##....@# #.......##....
.....####.##....(# #.......##....
.......##.##....(# #..........###
#......##.##.....# #..........#
#......##)##....(###..........###
.......'.........'...............
##.....##.##.....#######......###
#.....##.##.....# #......#
#.....##.##.....# #......#


You could see a centaur.

Vanquished Creatures
  An adder (D:2)
  2 worms (D:2)
  2 dart slugs
  4 giant cockroaches
  9 goblins
  5 hobgoblins
  4 jackals (D:1)
  7 bats
  A frilled lizard (D:2)
  4 kobolds
  5 rats
44 creatures vanquished.

Notes
Turn   | Place    | Note
-------+----------+-------------------------------------------
     0 | D:1      | AverageBear the Deep Elf Fighter began the quest for the Orb.
     0 | D:1      | Reached XP level 1. HP: 13/13 MP: 3/3
    59 | D:1      | Found a glowing golden altar of the Shining One.
   104 | D:1      | Reached XP level 2. HP: 15/18 MP: 4/4
   223 | D:1      | Reached skill level 3 in Short Blades
   860 | D:2      | Reached XP level 3. HP: 20/22 MP: 5/5
  1163 | D:2      | Reached skill level 4 in Short Blades
  1640 | D:2      | Reached XP level 4. HP: 26/27 MP: 6/6
  1698 | D:2      | Noticed a centaur
  1702 | D:2      | Shot with an arrow by a centaur

Vault maps used:
D:1:      lemuel_arrival_muddy, moated_statue, tso_metal_star

Skill      XL: |  1  2  3 |
---------------+----------+-----
Short Blades   | 3 4 |  4.3
Fighting       | |  2.4
Armour         | |  2.4
Shields        | |  2.4

Action                   |  1- 3 |  4- 6 || total
-------------------------+-------+-------++-------
Melee: Rapier            |   161 |       ||   161
  Use: Scroll            |     2 |       ||     2
       Potion            |     1 |       ||     1
  Eat: Chunk             |     2 |       ||     2
Armor: Scale mail        |    87 |     1 ||    88
Dodge: Dodged            |    47 |     3 ||    50
Block: Shield            |    98 |       ||    98

Table legend:
 A = Spawn XP
 B = Non-spawn XP
 C = Spawn XP percentage of total XP
 D = Spawn monster count
 E = Non-spawn monster count
 F = Spawn count percentage of total count
 G = Total turns spent on level
                    A         B        C        D         E        F      G
               +---------+---------+-------+---------+---------+-------+---------
         Total |       0 |      97 |   0.0 |       0 |      44 |   0.0 |  1702
               +---------+---------+-------+---------+---------+-------+---------
           D:1 |       0 |      39 |   0.0 |       0 |      22 |   0.0 |   785
           D:2 |       0 |      58 |   0.0 |       0 |      22 |   0.0 |   917
               +---------+---------+-------+---------+---------+-------+---------
